Map: New Gettysburg LE

Players

Nickos

  • Race: Terran Terran
  • League: Gold

Atomicspider - Winner!

  • Race: Protoss Protoss
  • League: Platinum

VOD

Have the link to the VOD?

Description

Time

  • Played on: Sept. 30, 2016, 6:45 a.m.
  • Length: 7:56
Show
View Real Time Build Order
Export as new Build Order

Nickos Terran 

Build Orders:  

Get SALT Encoding   

  12  0:01  SCV  
  13  0:13  SCV  
  14  0:19  Supply Depot  
  14  0:25  SCV  
  15  0:41  SCV  
  16  0:43  Barracks  
  16  0:53  SCV  
  17  1:05  SCV  
  18  1:17  SCV  
  19  1:28  Command Center  
  19  1:29  SCV  
  20  1:39  Marine  
  20  1:43  Supply Depot  
  20  1:56  Barracks  
  20  1:57  Marine  
  20  2:00  Orbital Command  
  21  2:15  Marine  
  21  2:22  Barracks  
  22  2:27  Refinery  
  22  2:28  Refinery  
  22  2:32  SCV  
  23  2:49  SCV  
  23  2:50  Marine  
  25  2:55  Orbital Command  
  25  3:05  Marine, SCV  
  26  3:08  Marine  
  28  3:13  Bunker  
  28  3:15  Barracks Tech Lab  
  28  3:17  SCV  
  29  3:22  SCV  
  30  3:29  Barracks Reactor, SCV  
  30  3:34  SCV  
  32  3:35  Barracks Reactor  
  33  3:41  SCV  
  33  3:46  SCV  
  34  3:49  Supply Depot  
  34  3:53  SCV  
  35  3:58  SCV  
  36  4:04  Factory  
  35  4:14  SCV x2  
  35  4:16  Stimpack  
  37  4:20  Barracks  
  37  4:22  Engineering Bay, Supply Depot  
  37  4:25  Marine  
  37  4:29  SCV  
  37  4:31  SCV  
  40  4:39  Engineering Bay  
  40  4:41  SCV  
  40  4:43  SCV  
  42  4:51  Terran Infantry Weapons Level 1  
  42  4:52  Marine  
  42  4:53  Marine  
  42  4:54  SCV  
  42  4:55  SCV  
  46  5:07  SCV  
  46  5:08  SCV  
  46  5:11  Terran Infantry Armor Level 1  
  46  5:13  Factory Reactor  
  48  5:16  Starport  
  48  5:19  SCV  
  48  5:20  SCV  
  50  5:27  Marine x5  
  55  5:31  Missile Turret  
  55  5:32  SCV x2  
  57  5:37  Missile Turret  
  57  5:44  SCV  
  57  5:47  SCV  
  57  5:48  Supply Depot x2, Marine x3  
  57  5:49  Barracks Tech Lab  
  62  5:57  Barracks  
  62  6:09  SCV, Marauder x2, Marine x3  
  62  6:10  SCV, Marine  
  72  6:13  Supply Depot  
  72  6:20  Missile Turret, Supply Depot  
  72  6:22  SCV  
  72  6:23  Supply Depot  
  73  6:27  SCV  
  73  6:28  Armory  
  73  6:32  Refinery, Marauder  
  74  6:47  Liberator  
  74  6:48  Liberator, Marine x3  
  74  6:49  Factory Tech Lab, Marine x2  
  79  7:03  Marine x2  
  79  7:06  Command Center  
  87  7:11  Missile Turret, Marine x2  
  87  7:14  SCV  
  72  7:31  Marine  
  72  7:32  Marine x2  
Show
View Real Time Build Order
Export as new Build Order

Atomicspider Protoss - Winner!

Build Orders:  

Get SALT Encoding   

  12  0:03  Probe (Chrono Boost)  
  13  0:13  Probe (Chrono Boost)  
  14  0:21  Pylon  
  14  0:24  Probe (Chrono Boost)  
  15  0:39  Probe (Chrono Boost)  
  15  0:42  Gateway  
  16  0:49  Assimilator  
  17  0:50  Probe (Chrono Boost)  
  17  1:00  Probe (Chrono Boost)  
  18  1:08  Assimilator  
  18  1:11  Probe (Chrono Boost)  
  19  1:21  Probe (Chrono Boost)  
  20  1:32  Probe (Chrono Boost)  
  21  1:50  Nexus  
  21  1:59  Probe (Chrono Boost)  
  22  2:03  Cybernetics Core  
  22  2:07  Gateway  
  22  2:16  Pylon  
  22  2:23  Probe (Chrono Boost)  
  23  2:34  Probe (Chrono Boost)  
  24  2:47  Adept  
  24  2:48  Warp Gate  
  24  2:50  Mothership Core (Chrono Boost)  
  28  2:55  Adept  
  30  3:00  Pylon  
  30  3:02  Probe (Chrono Boost)  
  31  3:09  Probe (Chrono Boost)  
  32  3:13  Probe (Chrono Boost)  
  32  3:15  Pylon  
  32  3:19  Probe (Chrono Boost)  
  34  3:23  Probe (Chrono Boost)  
  35  3:30  Probe (Chrono Boost)  
  37  3:34  Probe (Chrono Boost), Forge  
  37  3:40  Probe (Chrono Boost)  
  38  3:41  Robotics Facility  
  38  3:45  Probe (Chrono Boost)  
  39  3:51  Probe (Chrono Boost)  
  38  4:11  Probe (Chrono Boost)  
  38  4:12  Probe (Chrono Boost)  
  38  4:16  Protoss Ground Weapons Level 1  
  38  4:20  Twilight Council  
  38  4:22  Probe x2 (Chrono Boost), Pylon  
  40  4:27  Assimilator  
  40  4:33  Probe x2 (Chrono Boost)  
  40  4:38  Observer  
  43  4:43  Probe x2 (Chrono Boost)  
  45  4:57  Adept x2  
  49  5:07  Warp Prism  
  49  5:10  Gateway  
  49  5:12  Gateway  
  51  5:15  Gateway  
  51  5:18  Gateway  
  51  5:19  Gateway, Resonating Glaives  
  51  5:25  Adept x2  
  55  5:46  Adept x2  
  59  6:07  Adept x2  
  59  6:08  Adept  
  65  6:14  Adept x3  
  70  6:26  Pylon  
  70  6:28  Pylon  
  70  6:30  Pylon  
  70  6:32  Pylon  
  70  6:37  Pylon  
  70  6:40  Pylon  
  70  6:42  Pylon  
  70  6:44  Observer  
  71  7:05  Adept x6  
  71  7:06  Adept  
  71  7:37  Adept  
  71  7:38  Adept x5  
  71  7:39  Adept  
Tags
 
Add a new tag
Caveats
  • Supply blocks, unpowered buildings, or Contaminate may cause inaccurate times.
  • Supply counts are checked every 10 seconds.